 Dungeon Crawl Stone Soup version 0.32-a0-616-g9348d4545b (webtiles) character file.

Game seed: 11573990442126004434

379 ytrimaz the Chopper (level 6, -2/44 HPs)
             Began as a Coglin Gladiator on Mar 5, 2024.
             Was an Initiate of Okawaru.
             Slain by a phantom (4 damage)
             ... on level 4 of the Dungeon.
             The game lasted 00:02:50 (2577 turns).

ytrimaz the Chopper (Coglin Gladiator)              Turns: 2577, Time: 00:02:50

Health: -2/44      AC:  7    Str: 16    XL:     6   Next: 74%
Magic:  6/6        EV: 12    Int:  7    God:    Okawaru [......]
Gold:   259        SH:  0    Dex: 16    Spells: 5/5 levels left

rFire   . . .        a - +0 war axe {Shatamurrim}
rCold   . . .        f - +0 dagger {Jinae}
rNeg    . . .        b - +0 leather armour
rPois   .            c - +0 helmet
rElec   .            (no cloak)
rCorr   .            n - +2 pair of gloves
SInv    .            (no boots)
Will    .....        (amulet unavailable)
Stlth   +            (ring unavailable)
HPRegen 0.27/turn    (ring unavailable)
MPRegen 0.10/turn    (no gizmo)

%: no passive effects
@: on berserk cooldown, slowed, revved, very slow
A: off-hand wielding, slow wielding, warmup strikes, no jewellery
a: Invent Gizmo, Renounce Religion


You were on level 4 of the Dungeon.
You worshipped Okawaru.
Okawaru was noncommittal.
You visited 1 branch of the dungeon, and saw 4 of its levels.

You collected 259 gold pieces.


Innate Abilities, Weirdness & Mutations

You can wield a second weapon in your off-hand.
It takes a long time for you to wield or remove held weapons.
Your first few attacks do less damage.
You cannot equip rings or amulets.


   Skills:
 - Level 2.0 Fighting
 + Level 7.4 Axes
 - Level 1.7 Throwing
 - Level 2.6 Dodging


You had 5 spell levels left.
You didn't know any spells.
Your spell library was empty.

Inventory:

Hand Weapons
 a - a +0 war axe (weapon) {Shatamurrim}
 f - a +0 dagger (offhand) {Jinae}
Missiles
 d - a throwing net (quivered)
 e - a javelin
Armour
 b - a +0 leather armour (worn)
 c - a +0 helmet (worn)
 n - a +2 pair of gloves (worn)
   (You found it on level 3 of the Dungeon)
Scrolls
 h - 2 scrolls of vulnerability
 k - 2 scrolls of teleportation
 r - a scroll of enchant armour
Potions
 i - a potion of cancellation {unknown}
 m - a potion of berserk rage
 o - a potion of magic {unknown}
 p - a potion of mutation {unknown}

Dungeon Overview and Level Annotations

Branches:
Dungeon (4/15) Zot: 21397
 Temple: D:4-7

Altars:
Okawaru

Shops:
D:1 =

Annotations:
D:3 2 transporters, 1 runed translucent door, Asa's ghost, amateur GnSh; Crazy Yiuf

#### .....## #. #. #
#..# #....# #. #.
#..#..####
#....#####.###
#..#..#..# #.......ยง..
#.....#..####
#g.####ยง###
#....#..#..# #..####^#
###.....#..####g..?...#
#.....#..#.(#g.####.#
####.W@g.#..#?## #.
#.)...#..#.# #.
####.......# ##
#########


You could see a phantom and a gnoll.


Message History

You closely miss the phantom with your +0 war axe.
You hit the phantom but do no damage.
The phantom hits you but does no damage.
The gnoll barely misses you. The gnoll misses you.
The phantom hits you. ๐Ÿ˜ฎ HP[-5]
You take 5 damage, and now have 30/44 hp.
Unknown command.
You barely miss the phantom with your +0 war axe.
You miss the phantom with your +0 dagger.
The gnoll misses you.
The gnoll hits you from afar with a +0 halberd!
* * * LOW HITPOINT WARNING * * *
The phantom barely misses you. ๐Ÿ˜จ HP[-8]
You take 8 damage, and now have 22/44 hp.
Unknown command.
A red film seems to cover your vision as you go berserk!
You feel yourself moving faster!
You feel mighty! The gnoll barely misses you. The gnoll misses you.
The phantom hits you.
* * * LOW HITPOINT WARNING * * *
The phantom blinks!
You blink. ๐Ÿ˜จ HP[+8]
You now have 66 max hp (+22).
You regained 8 hp, and now have 30/66 hp.
You feel a strong urge to attack something.
The gnoll hits you from afar with a +0 halberd.
* * * LOW HITPOINT WARNING * * *
The gnoll barely misses you. ๐Ÿ˜จ HP[-1]
You take 1 damage, and now have 29/66 hp.
Unknown command.
You feel your anger nearly subside. ๐Ÿ˜จ HP[+1]
You puncture the gnoll with your +0 dagger!
You hit the gnoll with your +0 war axe.
You kill the gnoll!
Okawaru accepts your kill.
You hit the gnoll with your +0 war axe. The gnoll hits you with a +0 halberd.
* * * LOW HITPOINT WARNING * * *
The gnoll misses you. ๐Ÿ˜จ HP[-3]
You take 3 damage, and now have 27/66 hp.
Unknown command.
You are no longer berserk.
You are exhausted.
You feel yourself slow down.
The gnoll hits you from afar with a +0 spear.
* * * LOW HITPOINT WARNING * * *
Things that are here:
a +0 spear; a gnoll corpse; ๐Ÿ˜จ HP[-11]
You now have 44 max hp (-22).
The phantom attacks as it pursues you! The phantom misses you.
The gnoll hits you with a +0 halberd!
* * * LOW HITPOINT WARNING * * *
The gnoll hits you but does no damage. ๐Ÿ˜ฑ HP[-12]
You take 12 damage, and now have 4/44 hp.
MASSIVE DAMAGE!! (PAUSE)
You barely miss the gnoll with your +0 dagger.
You slash the gnoll with your +0 war axe!
You hit the phantom but do no damage.
You closely miss the gnoll with your +0 war axe.
The phantom hits you but does no damage.
The gnoll barely misses you. x3; The phantom misses you.
The gnoll barely misses you. ๐Ÿ˜ฑ HP[+1] Unknown command.
You barely miss the gnoll with your +0 dagger.
You slash the gnoll with your +0 war axe!
You miss the phantom with your +0 war axe.
You hit the gnoll with your +0 war axe. The phantom closely misses you.
The gnoll hits you with a +0 halberd.
* * * LOW HITPOINT WARNING * * *
The gnoll hits you but does no damage. ๐Ÿ˜ฑ HP[-1]
You take 1 damage, and now have 4/44 hp.
Unknown command.
You barely miss the gnoll with your +0 dagger.
You closely miss the gnoll with your +0 war axe.
You completely miss the gnoll with your +0 war axe.
You closely miss the phantom with your +0 war axe.
The phantom hits you but does no damage.
The gnoll misses you. The gnoll hits you but does no damage.
The phantom misses you. The gnoll closely misses you.
The gnoll hits you with a +0 spear.
* * * LOW HITPOINT WARNING * * *
๐Ÿ˜ฑ HP[-1]
You take 1 damage, and now have 3/44 hp.
Unknown command.
You hit the gnoll with your +0 war axe.
You kill the gnoll!
Okawaru accepts your kill.
You completely miss the gnoll with your +0 war axe.
You hit the phantom but do no damage.
The phantom hits you but does no damage.
The gnoll hits you with a +0 spear.
* * * LOW HITPOINT WARNING * * *
The phantom hits you.
You die...

Skill      XL: |  1  2  3  4  5 |
---------------+----------------+-----
Axes           | 4 5 7 |  7.4
Fighting       | |  2.0
Throwing       | |  1.7
Dodging        | |  2.6

Action                     |  1- 3 |  4- 6 || total
---------------------------+-------+-------++-------
  Melee: War axe           |    51 |    71 ||   122
         Dagger            |    44 |    65 ||   109
  Throw: Throwing net      |       |     3 ||     3
    Use: Scroll            |       |     7 ||     7
         Potion            |       |     4 ||     4
   Stab: Sleeping          |     1 |     2 ||     3
         Held in net/web   |       |     2 ||     2
 Armour: Leather armour    |    28 |    65 ||    93
  Dodge: Dodged            |    40 |    52 ||    92

Levels and vault maps discovered:
D:1:      dpeg_arrival_shrine, layout_basic, serial_shops, shop, st_stairs_6
D:2:      layout_loops_corners
D:3:      layout_rooms, okawaru_trees_1, gammafunk_ghost_smash, minmay_between,
          uniq_sigmund, uniq_terence, uniq_jessica, uniq_crazy_yiuf_cottage
D:4:      layout_loops_ring, nicolae_overflow_two_pavilions, temple_hall,
          gup_sewer_entry_bubbles, hangedman_abyss_or_decor_stagger,
          minmay_close_crescents

Notes
Turn   | Place    | Note
-------+----------+-------------------------------------------
     0 | D:1      | ytrimaz the Coglin Gladiator began the quest for the Orb.
     0 | D:1      | Reached XP level 1. HP: 16/16 MP: 1/1
     0 | D:1      | magus.rc [v1.9.6]
   206 | D:1      | Found Zaxebb's Jewellery Emporium.
   283 | D:1      | Reached XP level 2. HP: 22/22 MP: 2/2
   852 | D:2      | Reached skill level 4 in Axes
   928 | D:2      | Reached XP level 3. HP: 26/27 MP: 3/3
  1359 | D:2      | Reached XP level 4. HP: 33/33 MP: 4/4
  1732 | D:3      | Reached skill level 5 in Axes
  1787 | D:3      | Found a transporter.
  1787 | D:3      | Noticed Asa's ghost (amateur GnSh)
  1788 | D:3      | Found a transporter.
  1788 | D:3      | Noticed an ogre
  1788 | D:3      | Noticed an ogre
  1789 | D:3      | Noticed an ogre
  1832 | D:3      | Noticed an ogre
  1836 | D:3      | HP: 1/33 [ogre/+0 giant club (32)]
  1847 | D:3      | Killed an ogre
  1848 | D:3      | Reached XP level 5. HP: 22/38 MP: 5/5
  2013 | D:3      | Found an iron altar of Okawaru.
  2016 | D:3      | Reached skill level 6 in Axes
  2112 | D:3      | Became a worshipper of Warmaster Okawaru
  2131 | D:3      | Noticed Terence
  2140 | D:3      | Killed Terence
  2144 | D:3      | Noticed Sigmund
  2159 | D:3      | Killed Sigmund
  2160 | D:3      | Reached skill level 7 in Axes
  2160 | D:3      | Reached XP level 6. HP: 42/44 MP: 6/6
  2217 | D:3      | Noticed Jessica
  2223 | D:3      | Killed Jessica
  2453 | D:3      | Found a runed translucent door.
  2454 | D:3      | Noticed Crazy Yiuf
  2573 | D:4      | HP: 4/44 [gnoll/+0 halberd (12)]
  2577 | D:4      | Slain by a phantom

Vanquished Creatures
  Sigmund (D:3)
  An ogre (D:3)
  Jessica (D:3)
  Terence (D:3)
  2 gnolls (D:4)
  4 adders
  3 dart slugs (D:2)
  A ribbon worm (D:2)
  7 endoplasms
  2 giant cockroaches
  5 goblins
  5 hobgoblins
  A quokka (D:2)
  2 ball pythons (D:1)
  5 bats
  6 frilled lizards
  2 kobolds
  3 rats (D:3)
52 creatures vanquished.

Table legend:
 A = Non-vault XP
 B = Vault XP
 C = Vault XP percentage of total XP
 D = Non-vault monster count
 E = Vault monster count
 F = Vault count percentage of total count
                 A         B        C        D         E       F
            +---------+---------+-------+---------+---------+-------
      Total |     152 |     404 |  72.7 |      45 |       7 |  13.5
            +---------+---------+-------+---------+---------+-------
        D:1 |      17 |       2 |  10.5 |      12 |       1 |   7.7
        D:2 |      79 |       0 |   0.0 |      21 |       0 |   0.0
        D:3 |      15 |     402 |  96.4 |       9 |       6 |  40.0
        D:4 |      41 |       0 |   0.0 |       3 |       0 |   0.0
            +---------+---------+-------+---------+---------+-------

Skill      XL: |  1  2  3  4  5 |
---------------+----------------+-----
Axes           | 4 5 7 |  7.4
Fighting       | |  2.0
Throwing       | |  1.7
Dodging        | |  2.6

Action                     |  1- 3 |  4- 6 || total
---------------------------+-------+-------++-------
  Melee: War axe           |    51 |    71 ||   122
         Dagger            |    44 |    65 ||   109
  Throw: Throwing net      |       |     3 ||     3
    Use: Scroll            |       |     7 ||     7
         Potion            |       |     4 ||     4
   Stab: Sleeping          |     1 |     2 ||     3
         Held in net/web   |       |     2 ||     2
 Armour: Leather armour    |    28 |    65 ||    93
  Dodge: Dodged            |    40 |    52 ||    92

Illustrated notes

Table legend:
 A = Kills in this place as a percentage of kills in the entire game.
 B = Kills by you in this place as a percentage of kills by you in the entire game.
 C = Kills by friends in this place as a percentage of kills by friends in the entire game.
 D = Other kills in this place as a percentage of other kills in the entire game.
 E = Experience gained in this place as a percentage of experience gained in the entire game.
 F = Experience gained in this place divided by the number of levels of this place that you have seen.
                   A       B       C       D       E      F
               +-------+-------+-------+-------+-------+----------------------
         Total | 100.0 | 100.0 |   N/A |   N/A | 100.0 | 139.0
       Dungeon | 100.0 | 100.0 |   N/A |   N/A | 100.0 | 139.0
               +-------+-------+-------+-------+-------+----------------------

Table legend: (Time is in decaauts)
 A = Elapsed time spent in this place.
 B = Non-inter-level travel time spent in this place.
 C = Inter-level travel time spent in this place.
 D = Time resting spent in this place.
 E = Time spent auto-exploring this place.
 F = Levels seen in this place.
 G = Mean time per level.
                   A        B        C        D        E       F      G
               +--------+--------+--------+--------+--------+-----+--------+
         Total |   2601 |   2498 |    103 |     62 |   1936 |   4 |  650.2 |
       Dungeon |   2601 |   2498 |    103 |     62 |   1936 |   4 |  650.2 |
               +--------+--------+--------+--------+--------+-----+--------+

Top non-repeatable levels by time:
     D:2: 882 daAuts
     D:1: 844 daAuts
     D:3: 829 daAuts
     D:4: 45 daAuts
